 Dungeon Crawl Stone Soup version 0.29.0-4-gdea44cf6ec (webtiles) character file.

Game seed: 16170257095832642763

221 qw the Chopper (level 5, 0/30 HPs)
             Began as a Tengu Warper on Aug 28, 2022.
             Slain by an ogre
             ... wielding a +0 giant spiked club
              (12 damage)
             ... on level 4 of the Dungeon.
             The game lasted 00:00:19 (4485 turns).

qw the Chopper (Tengu Warper)                       Turns: 4485, Time: 00:00:20

Health: 0/30       AC: 12    Str: 13    XL:     5   Next: 98%
Magic:  9/9        EV:  5    Int: 14    God:
Gold:   101        SH:  0    Dex: 13    Spells: 8/8 levels left

rFire   . . .      SeeInvis .   Y - +0 hand axe
rCold   . . .      Faith    .   (no shield)
rNeg    . . .      Spirit   .   a - +0 plate armour
rPois   .          Reflect  .   (helmet restricted)
rElec   .          Harm     .   (no cloak)
rCorr   .          Rampage  .   g - +0 pair of gloves
Will    .....                   (boots unavailable)
Stlth   ..........              j - amulet of the acrobat
HPRegen 0.10/turn               (no ring)
MPRegen 0.11/turn               (no ring)

@: flying quickly and evasively, quick
A: beak, talons 3, nimble flight
a: no special abilities


You were on level 4 of the Dungeon.
You visited 1 branch of the dungeon, and saw 4 of its levels.

You collected 121 gold pieces.
You spent 20 gold pieces at shops.


Innate Abilities, Weirdness & Mutations

You have a beak for a mouth.
You have claws for feet.
Your magical nature lets you fly swiftly and evasively.


   Skills:
 - Level 2.0 Fighting
 + Level 5.7 Axes
 - Level 1.0 Throwing
 - Level 3.3 Armour
 - Level 2.1 Dodging
 - Level 2.0 Spellcasting
 - Level 2.4 Translocations


You had 8 spell levels left.
You didn't know any spells.
Your spell library contained the following spells:

 Spells                   Type           Power      Damage    Failure   Level
 Blink                    Tloc           16%        N/A       100%        2
 Gell's Gravitas          Tloc           8%         N/A       100%        3
 Lesser Beckoning         Tloc           8%         N/A       100%        3
 Teleport Other           Tloc           8%         N/A       100%        3
 Manifold Assault         Tloc           8%         N/A       100%        5

Inventory:

Hand Weapons
 d - a +2 vorpal mace
 Y - a +0 hand axe (weapon)
Missiles
 e - 3 boomerangs (quivered)
Armour
 a - a +0 plate armour (worn)
 g - a +0 pair of gloves (worn)
Jewellery
 j - an amulet of the acrobat (around neck)
Scrolls
 f - 4 scrolls of identify
 i - a scroll of teleportation
Potions
 b - 2 potions of mutation
 c - a potion of might
 h - a potion of heal wounds
 k - a potion of curing

Dungeon Overview and Level Annotations

Branches:
Dungeon (4/15)
 Temple: D:4-7

Altars:
Nemelex Xobeh
Xom

Shops:
D:1 ?


Message History

There is a stone staircase leading down here.
You start resting.
HP restored.
Done exploring.
(D) Dungeon
Where to? (* - list waypoints, Enter - D:4, ? - help)
What level of the Dungeon? (default 1, ? - help)
You fly downwards.
There is a stone staircase leading up, spattered with blood here.
An ogre comes into view. It is wielding a +0 giant spiked club.
Throw: 4 boomerangs
Press: ? - help, Q - select action Shift-Dir - straight line, f - ogre You throw a boomerang.
The boomerang hits the ogre.
The ogre is lightly wounded.
An orc comes into view.
It is wielding a +2 morningstar of protection.
Throw: 4 boomerangs
Press: ? - help, Q - select action Shift-Dir - straight line, f/p - ogre You throw a boomerang.
The boomerang barely misses the ogre.
A gnoll comes into view. It is wielding a +0 flail.
Throw: 4 boomerangs
Press: ? - help, Q - select action Shift-Dir - straight line, f/p - ogre You throw a boomerang.
The boomerang hits the ogre.
The ogre is lightly wounded.
Throw: 4 boomerangs
Press: ? - help, Q - select action Shift-Dir - straight line, f/p - ogre You throw a boomerang.
The boomerang hits the ogre.
The ogre is moderately wounded.
A gnoll comes into view. It is wielding a +0 club.
A goblin comes into view. It is wielding a +0 dagger.
You hit the ogre but do no damage. You peck the ogre.
The ogre is heavily wounded.
The ogre hits you with a +0 giant spiked club!!
Ouch! That really hurt!
You hit the ogre.
The ogre is heavily wounded.
You barely miss the orc.
A gnoll comes into view. It is wielding a +0 spear.
The orc barely misses you.
The ogre hits you with a +0 giant spiked club!
You die...

##### ##### ####...###
###.... ##........##
#...... ##..........###
##......
#.............###.......
##...)..........##.......
#................##......
#......<.....###..#....##
#.......@...##.##.##..##
#......oO...#...#.....##
#.....>.g.####.####....##
#........##..#)#..##...##
#.......g#._.'.'...#.....
#......g.##.##.##.##....#
##........###.#.###..##..
##......g....#.....###..
#######..#.###.#### ##.


You could see an ogre, 3 gnolls, an orc and a goblin.

Vanquished Creatures
  A scorpion (D:3)
  An orc priest (D:3)
  An iguana (D:4)
  2 adders
  2 worms
  2 dart slugs
  10 orcs
  5 ball pythons
  8 endoplasms
  2 giant cockroaches
  6 goblins
  5 hobgoblins
  5 jackals (D:1)
  3 kobolds (D:1)
  2 quokkas
  2 bats (D:1)
  3 rats
60 creatures vanquished.

Notes
Turn   | Place    | Note
-------+----------+-------------------------------------------
     0 | D:1      | qw the Tengu Warper began the quest for the Orb.
     0 | D:1      | Reached XP level 1. HP: 12/12 MP: 4/4
     0 | D:1      | 0 ||| qw: Version: 0.1-a-89-g26bdef1
     0 | D:1      | 0 ||| qw: Game counter: 2435
     0 | D:1      | 0 ||| qw: Always use a shield: true
     0 | D:1      | 0 ||| qw: God list: Okawaru
     0 | D:1      | 0 ||| qw: Allow faded altars: false
     0 | D:1      | 0 ||| qw: Do Orc after D:15 true
     0 | D:1      | 0 ||| qw: Do second Lair branch before Depths: true
     0 | D:1      | 0 ||| qw: Lair rune preference: random
     0 | D:1      | 0 ||| qw: Plans: Normal
     0 | D:1      | 0 ||| PLANNING D:1-11
   255 | D:1      | Reached skill level 3 in Axes
   255 | D:1      | Reached XP level 2. HP: 17/17 MP: 6/6
   701 | D:1      | Found Aggiurex's Magic Scroll Shop.
   725 | D:1      | 725 ||| DROPPING +0 club.
   728 | D:1      | 728 ||| SHOPLISTING scroll of enchant armour (75 gold, have
                  | 42).
   728 | D:1      | 728 ||| BUYING scroll of identify (20 gold).
   728 | D:1      | Bought a scroll of identify for 20 gold pieces
   728 | D:1      | 728 ||| SHOPLISTING scroll of teleportation (30 gold, have
                  | 22).
  1306 | D:1      | 1306 ||| UPGRADING to +0 chain mail.
  1316 | D:1      | 1316 ||| DROPPING +0 leather armour.
  1317 | D:1      | 1317 ||| READING scroll labelled OWUPNE RALOI.
  1442 | D:1      | 1442 ||| READING scroll labelled OPROLOKKYREI.
  1446 | D:1      | 1446 ||| READING scroll labelled SIRIT OREBIRCH.
  1547 | D:1      | 1547 ||| READING scroll labelled BAMYRA RORUNK.
  1548 | D:1      | 1548 ||| DROPPING scroll of blinking.
  1595 | D:2      | 1595 ||| STAIRDANCE
  1604 | D:2      | 1604 ||| STAIRDANCE
  1607 | D:1      | Reached XP level 3. HP: 18/21 MP: 7/7
  1724 | D:2      | 1724 ||| STAIRDANCE
  1780 | D:2      | 1780 ||| Stepping ~*~*~tactically~*~*~ (hiding).
  1782 | D:2      | 1782 ||| Stepping ~*~*~tactically~*~*~ (hiding).
  1934 | D:2      | Reached skill level 4 in Axes
  2513 | D:2      | 2513 ||| UPGRADING to +0 plate armour.
  2523 | D:2      | 2523 ||| DROPPING +0 chain mail.
  2524 | D:2      | 2524 ||| READING scroll labelled ZUILOR US OQUS.
  2525 | D:2      | 2525 ||| READING 5 scrolls of identify.
  2525 | D:2      | 2525 ||| IDENTIFYING silvery potion
  2526 | D:2      | 2526 ||| READING 4 scrolls of identify.
  2526 | D:2      | 2526 ||| IDENTIFYING golden potion
  2527 | D:2      | 2527 ||| READING scroll of teleportation.
  2610 | D:3      | Noticed a scorpion
  2620 | D:3      | Killed a scorpion
  2621 | D:3      | Reached skill level 3 in Armour
  2621 | D:3      | Reached XP level 4. HP: 12/26 MP: 8/8
  2874 | D:3      | 2874 ||| DROPPING +0 whip.
  3080 | D:3      | Gained mutation: Your magical nature lets you fly swiftly
                  | and evasively. [Tengu growth]
  3080 | D:3      | Reached XP level 5. HP: 23/30 MP: 9/9
  3176 | D:3      | Found a faded altar of an unknown god.
  3676 | D:3      | 3676 ||| UPGRADING to +0 pair of gloves.
  3681 | D:3      | 3681 ||| DROPPING +6 ring of intelligence.
  3682 | D:3      | 3682 ||| READING scroll labelled ERO LEYDATZ.
  3727 | D:4      | 3727 ||| STAIRDANCE
  3733 | D:3      | HP: 6/30 [orc priest/divine providence (12)]
  3734 | D:3      | 3734 ||| READING scroll of teleportation.
  3737 | D:3      | Reached skill level 5 in Axes
  3983 | D:4      | 3983 ||| STAIRDANCE
  4039 | D:4      | 4039 ||| Stepping ~*~*~tactically~*~*~ (stealth).
  4186 | D:4      | Found a sparkling altar of Nemelex Xobeh.
  4196 | D:4      | Found a shimmering altar of Xom.
  4224 | D:4      | 4224 ||| Stepping ~*~*~tactically~*~*~ (stealth).
  4228 | D:4      | Found a shimmering altar of Xom.
  4228 | D:4      | Found a shimmering altar of Xom.
  4228 | D:4      | Found a shimmering altar of Xom.
  4229 | D:4      | Found a shimmering altar of Xom.
  4229 | D:4      | Found a shimmering altar of Xom.
  4239 | D:4      | 4239 ||| FLEEEEING.
  4240 | D:4      | 4240 ||| FLEEEEING.
  4241 | D:4      | 4241 ||| FLEEEEING.
  4242 | D:4      | 4242 ||| FLEEEEING.
  4243 | D:4      | 4243 ||| FLEEEEING.
  4244 | D:4      | 4244 ||| FLEEEEING.
  4245 | D:4      | 4245 ||| FLEEEEING.
  4246 | D:4      | 4246 ||| FLEEEEING.
  4247 | D:4      | 4247 ||| FLEEEEING.
  4248 | D:4      | 4248 ||| FLEEEEING.
  4255 | D:4      | 4255 ||| FLEEEEING.
  4256 | D:4      | 4256 ||| FLEEEEING.
  4262 | D:4      | 4262 ||| FLEEEEING.
  4263 | D:4      | 4263 ||| FLEEEEING.
  4264 | D:4      | 4264 ||| FLEEEEING.
  4265 | D:4      | 4265 ||| STAIRDANCE
  4367 | D:3      | 4367 ||| UPGRADING to amulet of the acrobat.
  4372 | D:3      | 4372 ||| DRINKING 2 fizzy golden potions.
  4373 | D:3      | 4373 ||| READING 5 scrolls of identify.
  4373 | D:3      | 4373 ||| IDENTIFYING dark potion
  4379 | D:4      | 4379 ||| STAIRDANCE
  4405 | D:4      | 4405 ||| STAIRDANCE
  4478 | D:4      | Noticed an ogre
  4485 | D:4      | Slain by an ogre

Levels and vault maps discovered:
D:1:      dpeg_arrival_connections, layout_basic, serial_shops,
          nicolae_shop_competitors_out_of_business, grunt_decor_clamped
D:2:      layout_loops_ring
D:3:      layout_loops_corners, basic_ecumenical_altar
D:4:      layout_cave_pods, nemelex_dance_club_becter, xom_redecorated,
          gammafunk_ghost_split

Skill      XL: |  1  2  3  4  5 |
---------------+----------------+-----
Axes           | 3 4 5 |  5.7
Armour         | 3 |  3.3
Fighting       | |  2.0
Throwing       | |  1.0
Dodging        | |  2.1
Spellcasting   | |  2.0
Translocations | |  2.4

Action                   |  1- 3 |  4- 6 || total
-------------------------+-------+-------++-------
Melee: Hand axe          |    73 |    58 ||   131
       Peck              |     8 |     9 ||    17
       Kick              |    18 |    19 ||    37
       Punch             |       |     1 ||     1
Throw: Boomerang         |    19 |    29 ||    48
  Use: Scroll            |     8 |     3 ||    11
       Potion            |       |     1 ||     1
Armor: Leather armour    |    13 |       ||    13
       Chain mail        |    20 |       ||    20
       Plate armour      |     5 |    47 ||    52
Dodge: Dodged            |    29 |    15 ||    44

Table legend:
 A = Non-vault XP
 B = Vault XP
 C = Vault XP percentage of total XP
 D = Non-vault monster count
 E = Vault monster count
 F = Vault count percentage of total count
                 A         B        C        D         E       F
            +---------+---------+-------+---------+---------+-------
      Total |     311 |       5 |   1.6 |      58 |       2 |   3.3
            +---------+---------+-------+---------+---------+-------
        D:1 |      37 |       0 |   0.0 |      22 |       0 |   0.0
        D:2 |      20 |       0 |   0.0 |       8 |       0 |   0.0
        D:3 |     179 |       0 |   0.0 |      16 |       0 |   0.0
        D:4 |      75 |       5 |   6.2 |      12 |       2 |  14.3
            +---------+---------+-------+---------+---------+-------
